 Dungeon Crawl Stone Soup version 0.22.1-2-g9c5b331383 (webtiles) character file.

8002 EvilAshe the Carver (level 11, -3/86 HPs)
             Began as a Human Fighter on Dec 1, 2018.
             Was a Priest of the Shining One.
             Slain by a freezing wraith (5 damage)
             ... led by a death knight
             ... on level 11 of the Dungeon.
             The game lasted 00:34:02 (14818 turns).

EvilAshe the Carver (Human Fighter)                Turns: 14818, Time: 00:34:02

Health: -3/86      AC: 15    Str: 25    XL:     11   Next: 47%
Magic:  11/11      EV:  7    Int:  8    God:    the Shining One [***...]
Gold:   307        SH: 12    Dex: 13    Spells: 10/10 levels left

rFire    . . .     SeeInvis .   I - +6 long sword (holy)
rCold    . . .     Gourm    .   A - +0 shield
rNeg     + + .     Faith    .   k - +2 chain mail {rPois}
rPois    +         Spirit   .   (no helmet)
rElec    .         Reflect  .   C - +0 cloak
rCorr    .         Harm     .   (no gloves)
MR       .....                  f - +0 pair of boots
Stlth    ..........             (no amulet)
HPRegen  0.24/turn              B - ring of positive energy
MPRegen  0.12/turn              (no ring)

@: mighty, slowed, glowing, very slow
A: no striking features
a: Divine Shield, Renounce Religion


You were on level 11 of the Dungeon.
You worshipped the Shining One.
The Shining One was most pleased with you.
You were not hungry.

You visited 2 branches of the dungeon, and saw 13 of its levels.

You collected 508 gold pieces.
You spent 201 gold pieces at shops.

Inventory:

Hand Weapons
 g - a +2 scimitar of electrocution
   (You found it on level 10 of the Dungeon)
 I - a +6 long sword of holy wrath (weapon)
   (You bought it in a shop on level 9 of the Dungeon)
Missiles
 j - 276 stones (quivered)
 v - 3 throwing nets {!f}
Armour
 f - a +0 pair of boots (worn)
   (You found it on level 1 of the Dungeon)
 k - a +2 chain mail of poison resistance (worn)
   (You found it on level 10 of the Dungeon)
 s - a +0 large shield
   (You found it on level 7 of the Dungeon)
 A - a +0 shield (worn)
 C - a +0 cloak (worn)
   (You found it on level 9 of the Dungeon)
Jewellery
 b - an uncursed amulet of faith {!P}
   (You found it on level 2 of the Dungeon)
 B - a ring of positive energy (left hand)
   (You found it on level 9 of the Dungeon)
Wands
 c - a wand of disintegration (3) {!d}
   (You took it off a gnoll on level 8 of the Dungeon)
 d - a wand of iceblast (13)
   (You found it on level 11 of the Dungeon)
 t - a wand of flame (35)
   (You took it off a big kobold on level 9 of the Dungeon)
 u - a wand of paralysis (5)
   (You found it on level 7 of the Dungeon)
 G - a wand of polymorph (15)
   (You found it on level 11 of the Dungeon)
Scrolls
 h - 3 scrolls of blinking {unknown}
 i - 2 scrolls of enchant weapon
 l - a scroll of random uselessness {unknown}
 m - a scroll of noise {unknown}
 o - 2 scrolls of magic mapping {unknown}
 p - 2 scrolls of fog {unknown}
 w - 2 scrolls of amnesia {unknown}
 y - 5 scrolls of identify {@r1}
 F - a scroll of vulnerability {unknown}
Potions
 n - a potion of cancellation
 q - 3 potions of magic
 r - 2 potions of brilliance
 z - a potion of flight
 D - 3 potions of curing {@q1}
 E - a potion of might
 H - a potion of invisibility
Miscellaneous
 x - a sack of spiders
Comestibles
 e - 20 rations {!d}


   Skills:
 + Level 8.2 Fighting
 * Level 11.0 Long Blades
 + Level 8.3 Armour
 + Level 8.3 Shields


You had 10 spell levels left.
You didn't know any spells.
Your spell library contained the following spells:

 Spells                   Type           Power        Failure   Level  Hunger
 Cause Fear               Hex            #.........   100%        4    #####..
 Silence                  Hex/Air        #.........   100%        5    ######.
 Yara's Violent Unravell  Hex/Tmut       #.........   100%        5    ######.
 Deflect Missiles         Chrm/Air       #.........   100%        6    #######
 Discord                  Hex            #.........   100%        8    #######


Dungeon Overview and Level Annotations

Branches:
Dungeon (12/15)            Temple (1/1) D:4            Lair (0/6) D:10
    Orc: D:9-12

Altars:
Cheibriados
Dithmenos
Ru
Trog
Yredelemnul
The Shining One

Shops:
D:9 (   D:10 %

Annotations:
D:3 Crazy Yiuf
D:8 Prince Ribbit
D:9 Maurice


Message History

You block the freezing wraith's attack. x2; The wraith hits you!
The slime creature quivers.
You hit the wraith but do no damage.
A vampire mosquito comes into view.
You block the wraith's attack.
The freezing wraith hits you but does no damage. x2
The wraith hits you!
* * * LOW HITPOINT WARNING * * *
The wraith drains your vigour!
You feel yourself slow down.
The vampire mosquito moves out of view.
There is a stone staircase leading up here.
The freezing wraith hits you.
* * * LOW HITPOINT WARNING * * *
The freezing wraith freezes you!
* * * LOW HITPOINT WARNING * * *
You block the freezing wraith's attack.
You climb upwards.
There is a stone staircase leading down here.
You slash the wraith!
The wraith convulses!
You destroy the wraith!
The Shining One accepts your kill.
You feel better.
Your Long Blades skill increases to level 11!
The freezing wraith hits you!
* * * LOW HITPOINT WARNING * * *
The freezing wraith freezes you!
* * * LOW HITPOINT WARNING * * *
The freezing wraith hits you.
* * * LOW HITPOINT WARNING * * *
The freezing wraith drains your vigour!
You feel as though you will be slow longer.
You closely miss the freezing wraith.
The freezing wraith hits you but does no damage. x3
The freezing wraith hits you.
* * * LOW HITPOINT WARNING * * *
The freezing wraith drains your vigour!
You feel as though you will be slow longer.
You feel very mighty all of a sudden. You block the freezing wraith's attack.
The freezing wraith hits you but does no damage.
You hit the freezing wraith but do no damage.
The freezing wraith hits you but does no damage. x2
You hit the freezing wraith.
The freezing wraith convulses.
You block the freezing wraith's attack. The freezing wraith hits you!
* * * LOW HITPOINT WARNING * * *
The freezing wraith drains your vigour!
You feel as though you will be slow longer.
The freezing wraith hits you.
You die...

#....'......##...........# #..
#....####................# #..
#....# #.#.##.########### #..
#.#######.#.<#.#############..
#)# #...#.................)'..
#.# #.#.#......#############..
#.# #.#.#......# ###### #.. #.#
#.#.#......#####....# ###
###.###.#.#...W@..)..'....# ##
#.......#.#.#....#####....# #.
#.#.......#.#.............#####.
#.#########.#.........#'##......
#......O....##........#.##......
##############........#..#......
#.....# #........##.#.....#
#.(...# #........##.......#
#.....# #........###.)....#


You could see a freezing wraith.

Vanquished Creatures
  Harold (D:11)
  A two-headed ogre (D:11)
  An unseen horror (D:10)
  A kobold demonologist (D:11)
  2 trolls (D:11)
  A hornet (D:11)
  Sigmund (D:2)
  A wraith (D:11)
  A wyvern (D:11)
  A water moccasin (D:7)
  A black bear (D:9)
  An eye of draining (D:11)
  2 ice beasts
  3 orc warriors
  2 sky beasts
  4 centaurs
  3 ogres
  A big kobold (D:9)
  5 bullfrogs
  A gnoll sergeant (D:7)
  3 scorpions
  12 killer bees
  12 wights
  3 howler monkeys
  An electric eel (D:11)
  6 crimson imps
  A bullfrog zombie (D:5)
  A centaur zombie (D:6)
  4 hounds
  A jelly (D:7)
  5 orc priests
  9 orc wizards
  A bullfrog skeleton (D:8)
  Terence (D:3)
  7 iguanas
  6 worker ants
  A killer bee zombie (D:9)
  A hound zombie (D:10)
  9 adders
  10 gnolls
  3 shadow imps
  2 adder zombies
  2 adder skeletons
  2 worms
  5 dart slugs
  6 leopard geckos
  22 orcs
  5 bats
  4 giant cockroaches
  6 hobgoblins
  5 jackals
  8 kobolds
  2 quokkas
  6 frilled lizards
  5 goblins
  A leopard gecko skeleton (D:7)
  A quokka skeleton (D:5)
  6 rats
219 creatures vanquished.

Notes
Turn   | Place    | Note
-------+----------+-------------------------------------------
     0 | D:1      | EvilAshe the Human Fighter began the quest for the Orb.
     0 | D:1      | Reached XP level 1. HP: 18/18 MP: 1/1
   182 | D:1      | Reached XP level 2. HP: 24/24 MP: 2/2
   497 | D:1      | Reached XP level 3. HP: 29/29 MP: 3/3
   857 | D:2      | Reached skill level 3 in Long Blades
   857 | D:2      | Reached XP level 4. HP: 28/35 MP: 4/4
   890 | D:2      | Noticed Sigmund
  1592 | D:2      | Killed Sigmund
  1592 | D:2      | Reached skill level 4 in Long Blades
  1592 | D:2      | Reached XP level 5. HP: 34/42 MP: 5/5
  1592 | D:2      | Reached XP level 6. HP: 39/48 MP: 6/6
  2007 | D:3      | Noticed Terence
  2027 | D:3      | Killed Terence
  2101 | D:3      | Found a runed door.
  2276 | D:3      | Noticed Crazy Yiuf
  2644 | D:4      | Reached XP level 7. HP: 43/54 MP: 7/7
  2841 | D:4      | Found a staircase to the Ecumenical Temple.
  2849 | Temple   | Entered the Ecumenical Temple
  2853 | Temple   | Became a worshipper of the Shining One
  3186 | D:4      | Reached skill level 5 in Long Blades
  3720 | D:5      | Entered Level 5 of the Dungeon
  4569 | D:5      | Reached XP level 8. HP: 48/61 MP: 8/8
  4869 | D:5      | Found a glowing golden altar of the Shining One.
  5135 | D:5      | Reached * piety under the Shining One
  5441 | D:6      | Reached skill level 5 in Fighting
  5441 | D:6      | Reached skill level 6 in Long Blades
  5441 | D:6      | Reached skill level 5 in Armour
  5441 | D:6      | Reached skill level 5 in Shields
  6212 | D:6      | Reached XP level 9. HP: 62/68 MP: 9/9
  6348 | D:7      | Reached skill level 7 in Long Blades
  6415 | D:7      | Reached ** piety under the Shining One
  7421 | D:7      | Reached skill level 8 in Long Blades
  7829 | D:8      | HP: 2/69 [orc warrior/enchanted flail (10)]
  8493 | D:8      | Found a basalt altar of Yredelemnul.
  9032 | D:7      | Reached XP level 10. HP: 65/77 MP: 10/10
 10308 | D:9      | Noticed Maurice
 10719 | D:9      | Reached skill level 9 in Long Blades
 10862 | D:9      | Noticed Prince Ribbit
 11139 | D:10     | Entered Level 10 of the Dungeon
 11745 | D:9      | Found a sacrificial altar of Ru.
 11892 | D:9      | Found Zeys Lorgh's Antique Weapon Shoppe.
 12385 | D:10     | Reached *** piety under the Shining One
 12551 | D:10     | Noticed an unseen horror
 12570 | D:10     | Killed an unseen horror
 12662 | D:10     | Found a staircase to the Lair.
 12709 | D:10     | Found Radwam's Food Emporium.
 13336 | D:11     | Reached skill level 10 in Long Blades
 13692 | D:11     | Reached XP level 11. HP: 84/84 MP: 11/11
 13966 | D:11     | Noticed a two-headed ogre
 14380 | D:11     | Killed a two-headed ogre
 14412 | D:11     | Noticed Harold
 14431 | D:11     | Killed Harold
 14715 | D:9      | Bought a runed long sword for 201 gold pieces
 14814 | D:11     | Reached skill level 11 in Long Blades
 14818 | D:11     | HP: 2/86 [freezing wraith[a death knight] (7)]
 14818 | D:11     | Slain by a freezing wraith

Skill      XL: |  1  2  3  4  5  6  7  8  9 10 11 |
---------------+----------------------------------+-----
Long Blades    | 3 4 5 6 8 10 11 | 11.0
Fighting       | 4 5 6 7 8 |  8.2
Armour         | 4 5 6 7 8 |  8.3
Shields        | 4 5 6 7 8 |  8.3

Action                   |  1- 3 |  4- 6 |  7- 9 | 10-12 || total
-------------------------+-------+-------+-------+-------++-------
Melee: Long sword        |    97 |   153 |   436 |   140 ||   826
       Scimitar          |       |       |       |   160 ||   160
Throw: Stone             |       |       |    30 |    11 ||    41
Invok: Divine Shield     |       |       |     1 |     1 ||     2
Evoke: Wand              |       |       |     2 |     9 ||    11
  Use: Potion            |       |     1 |     2 |     1 ||     4
       Scroll            |       |       |    11 |     1 ||    12
  Eat: Chunk             |       |     6 |    11 |    13 ||    30
       Ration            |       |       |     3 |     2 ||     5
Armor: Scale mail        |    10 |       |       |       ||    10
       Chain mail        |    35 |    92 |   208 |   134 ||   469
       Plate armour      |       |       |       |    19 ||    19
Dodge: Dodged            |    17 |    31 |    95 |    46 ||   189
Block: Shield            |    52 |    79 |   252 |   170 ||   553
       Rpst.: Long sword |     6 |     8 |    34 |    10 ||    58
       Scimitar          |       |       |       |     5 ||     5
